 Dungeon Crawl Stone Soup version 0.28.0-53-g5a82cb258f (webtiles) character file.

Game seed: 13475630202350700702

52983 sanboga the Executioner (level 14, -11/135 HPs)
             Began as a Minotaur Berserker on Aug 18, 2022.
             Was a High Priest of Trog.
             Mangled by a tentacled starspawn (17 damage)
             ... summoned by an orange crystal statue
             ... on level 3 of the Abyss on Aug 23, 2022.
             The game lasted 00:21:16 (17660 turns).

sanboga the Executioner (Minotaur Berserker)       Turns: 17660, Time: 00:21:17

Health: -11/135    AC: 23    Str: 25    XL:     14   Next: 29%
Magic:  1/10       EV: 11    Int: -5 (4) God:    Trog [*****.]
Gold:   902        SH:  0    Dex: 12    Spells: 13/13 levels left

rFire   + . .      SeeInvis +   a - +3 executioner's axe (elec)
rCold   . . .      Faith    .   (shield currently unavailable)
rNeg    + . .      Spirit   .   H - +1 pearl dragon scales
rPois   .          Reflect  .   (helmet unavailable)
rElec   .          Harm     .   y - +0 cloak
rCorr   .          Rampage  .   A - +0 pair of gloves
Will    +....                   x - +0 pair of boots
Stlth   ..........              r - amulet "Meazyori" {Fly Regen+ Slay+2}
HPRegen 1.12/turn               n - ring of see invisible
MPRegen 0.12/turn               t - ring of protection from fire

@: confused, flying, slowed, lost intelligence, studying Armour, unable to read,
very slow
A: horns 3, retaliatory headbutt, [low MP 2]
a: Renounce Religion, Berserk, Trog's Hand, Brothers in Arms


You were on level 3 of the Abyss.
You worshipped Trog.
Trog was extremely pleased with you.
You visited 1 branch of the dungeon, and saw 15 of its levels.
You visited the Abyss 1 time.

You collected 902 gold pieces.

Inventory:

Hand Weapons
 a - a +3 executioner's axe of electrocution (weapon)
 b - a +0 war axe of flaming
Armour
 x - a +0 pair of boots (worn)
 y - a +0 cloak (worn)
 A - a +0 pair of gloves (worn)
 H - +1 pearl dragon scales (worn)
Jewellery
 n - a ring of see invisible (left hand)
 r - the amulet "Meazyori" (around neck) {Fly Regen+ Slay+2}
   (You found it on level 10 of the Dungeon)

   [amulet of regeneration]

   Slay:      It affects your accuracy & damage with ranged weapons and melee
   (+2).
   Fly:       It grants you flight.
   Regen:     It increases your rate of health regeneration.
 t - a ring of protection from fire (right hand)
 G - a ring of ice
Wands
 g - a wand of paralysis (13)
 l - a wand of mindburst (15)
 p - a wand of polymorph (16)
 u - a wand of flame (21)
 B - a wand of iceblast (12)
Scrolls
 d - 7 scrolls of teleportation
 e - 2 scrolls of holy word
 f - a scroll of summoning
 i - 2 scrolls of fear
 s - a scroll of blinking
 z - a scroll of enchant armour
 F - a scroll of fog
 J - a scroll of magic mapping
Potions
 c - 4 potions of mutation {unknown}
 h - 4 potions of berserk rage {unknown}
 j - a potion of attraction {unknown}
 k - 5 potions of heal wounds {unknown}
 m - a potion of brilliance {unknown}
 o - 4 potions of curing
 q - a potion of haste {unknown}
 C - a potion of invisibility
 D - a potion of might {unknown}
 E - a potion of magic {unknown}
 I - a potion of degeneration {unknown}
Miscellaneous
 w - a phantom mirror


   Skills:
 + Level 15.4 Fighting
 * Level 21.0 Axes
 + Level 16.8 Armour
 - Level 2.1 Dodging


You had 13 spell levels left.
You didn't know any spells.
Your spell library was empty.

Dungeon Overview and Level Annotations

Branches:
Dungeon (15/15)            Temple (0/1) D:6            Lair (0/6) D:9
    Orc (0/2) D:9          Vaults (0/5) D:14         Depths (0/4) D:15

Altars:
Wu Jian

Shops:
D:11 =   D:12 (

Annotations:
D:15 Louise


Innate Abilities, Weirdness & Mutations

You have a pair of large horns on your head.
You reflexively headbutt those who attack you in melee.
[Your magical capacity is very low. (-20% MP)]


Message History

You are more confused.
The starcursed mass touches you.
* * * LOW HITPOINT WARNING * * *
The starcursed mass touches you but does no damage.
A deafening chorus of shrieks assaults your mind!
* * * LOW HITPOINT WARNING * * *
The starcursed mass touches you but does no damage.
You barely miss the starcursed mass.
The starcursed mass is heavily damaged.
You hit the starcursed mass.
Lightning courses through the starcursed mass!
You destroy the starcursed mass!
That felt strangely unrewarding.
You slice the starcursed mass!!
You destroy the starcursed mass!
That felt strangely unrewarding.
You slash the starcursed mass!
Lightning courses through the starcursed mass!
You destroy the starcursed mass!
That felt strangely unrewarding.
You slice the starcursed mass!!
Lightning courses through the starcursed mass!
You destroy the starcursed mass!
That felt strangely unrewarding.
You hit the tentacled starspawn. The tentacled starspawn bites you!
* * * LOW HITPOINT WARNING * * *
The tentacled starspawn tentacle-slaps you.
* * * LOW HITPOINT WARNING * * *
The orange crystal statue glitters.
You resist with almost no effort.
You are too confused!
You slice the starcursed mass!!
You destroy the starcursed mass!
That felt strangely unrewarding.
You slice the neqoxec!! Lightning courses through the neqoxec!!
You kill the neqoxec!
The neqoxec dissolves into shadows!
You barely miss the ancient zyme. You barely miss the dread lich.
You closely miss the tentacled starspawn.
The dread lich barely misses you.
Tentacles burst from the starspawn's body!
The tentacled starspawn bites you!
You die...

## . #.. ..
....#.. .# . ..
#.. .. #.. .
.#..#. .#.##.# #.
##. .
..##.######### #
# . .#.##.≈8≈.#
..####
..##2.≈≈≈...
....#
####.x...... #.#
. . .##xLwh....#
. . ..#.
.#.@Xwh.....# .
.#.###.GXh....#.#
.# # #.∩
.#w.w.†... . .
...
.###..##..≈≈≈..
#.. . #
#.####.≈8≈†# . .
.. #.####### .
###..##.#.... #.
...#.. #.##


You could see a dread lich (summoned, fast, invisible), 2 tentacled starspawn, a
balrug (summoned), 2 orange crystal statues, a glowing orange brain (summoned),
an ancient zyme (summoned), 3 raiju, a small abomination (summoned) and 4
starspawn tentacles.

Vanquished Creatures
  Kirke (D:13)
  A very ugly thing (Abyss:3)
  A war gargoyle (D:10)
  Azrael (D:14)
  A blizzard demon (Abyss:3)
  An ettin (D:13)
  5 hydras
  An ogre mage (D:15)
  4 vault guards
  A boulder beetle (D:14)
  10 two-headed ogres
  6 centaur warriors
  Erica (D:8)
  2 death knights
  5 tengu warriors
  A thrashing horror (Abyss:3)
  A skeletal warrior (D:10)
  A wretched star (Abyss:3)
  A spatial maelstrom (Abyss:3)
  A glowing orange brain (Abyss:3)
  A swamp dragon (Abyss:3)
  2 phantasmal warriors (D:12)
  A mana viper (Abyss:3)
  4 deep elf pyromancers
  8 slime creatures
  9 ugly things
  6 cyclopes
  4 manticores
  A moth of wrath (shapeshifter) (D:13)
  3 centaur zombies
  A gargoyle (D:14)
  An efreet (D:13)
  16 starcursed masses (Abyss:3)
  2 kobold demonologists
  3 freezing wraiths
  A tengu conjurer (D:15)
  A meliai (D:13)
  6 trolls
  5 raiju (Abyss:3)
  A hornet (D:9)
  Prince Ribbit (D:8)
  A shadow (D:7)
  3 vampires
  5 small abominations (Abyss:3)
  3 wyverns (D:9)
  A water elemental (D:15)
  2 centaur simulacra
  A yak (shapeshifter) (D:13)
  2 wraiths
  3 hogs (D:13)
  2 large abominations (Abyss:3)
  20 yaks
  2 fire elementals (D:14)
  A chaos spawn (Abyss:3)
  3 steam dragons
  5 vampire mosquitoes
  9 neqoxecs (Abyss:3)
  A naga zombie (Abyss:3)
  5 water moccasins
  2 acid dragons (D:13)
  3 hell hounds (D:14)
  7 black bears
  5 orc warriors
  2 sky beasts
  4 ogres
  3 centaurs
  A wolf (D:9)
  3 boggarts
  A necrophage (D:6)
  2 phantoms (D:5)
  4 kobold brigands
  3 bullfrogs
  2 gnoll sergeants
  2 scorpions
  A water moccasin skeleton (D:4)
  5 killer bees (D:8)
  3 howler monkeys
  6 wights
  An electric eel (D:15)
  A bullfrog zombie (D:3)
  5 orc priests
  A gnoll shaman (D:10)
  6 hounds
  2 jellies
  A bullfrog skeleton (D:6)
  14 orc wizards
  A scorpion zombie (D:5)
  An iguana (D:6)
  2 killer bee zombies (D:8)
  A hound skeleton (D:5)
  22 gnolls
  12 adders
  A howler monkey skeleton (D:5)
  2 shadow imps
  2 white imps (D:6)
  3 ufetubi
  An adder skeleton (D:4)
  4 worms
  3 dart slugs
  32 orcs
  3 ball pythons
  3 bats
  11 endoplasms
  9 giant cockroaches
  12 goblins
  5 hobgoblins
  5 jackals
  3 quokkas
  2 frilled lizards
  28 kobolds
  8 rats
  3 bushes (D:14)
461 creatures vanquished.

Vanquished Creatures (others)
  A deep elf pyromancer (D:14)
  2 humans (D:13)
  A boggart (D:14)
  12 bushes (D:14)
  A fungus (D:9)
  21 plants
  2 withered plants (D:15)
40 creatures vanquished.

Grand Total: 501 creatures vanquished

Notes
Turn   | Place    | Note
-------+----------+-------------------------------------------
     0 | D:1      | sanboga the Minotaur Berserker began the quest for the Orb.
     0 | D:1      | Reached XP level 1. HP: 19/19 MP: 0/0
   138 | D:1      | Reached skill level 4 in Axes
   148 | D:1      | Reached XP level 2. HP: 27/27 MP: 1/1
   799 | D:2      | Reached ** piety under Trog
   800 | D:2      | Reached XP level 3. HP: 30/33 MP: 2/2
  2251 | D:3      | Found a faded altar of an unknown god.
  2274 | D:3      | Reached XP level 4. HP: 40/40 MP: 3/3
  2288 | D:3      | Reached skill level 5 in Axes
  2629 | D:3      | Reached XP level 5. HP: 13/47 MP: 4/4
  2912 | D:3      | Identified the +1 robe of Ashenzari's Hatred {rF+ rC+}
  3619 | D:3      | Reached skill level 6 in Axes
  4121 | D:4      | Reached skill level 5 in Fighting
  4191 | D:4      | Reached XP level 6. HP: 56/56 MP: 5/5
  4218 | D:4      | Reached *** piety under Trog
  5399 | D:5      | Entered Level 5 of the Dungeon
  5420 | D:5      | Reached skill level 7 in Axes
  5560 | D:5      | Reached skill level 5 in Armour
  5560 | D:5      | Reached XP level 7. HP: 24/62 MP: 6/6
  5841 | D:5      | Found an ornate altar of the Wu Jian Council.
  5878 | D:5      | Reached skill level 8 in Axes
  6050 | D:5      | Identified the +1 leather armour of the Cricket {rC+
                  | Regen+}
  6312 | D:6      | Reached XP level 8. HP: 56/71 MP: 3/7
  6318 | D:6      | Reached skill level 9 in Axes
  6632 | D:6      | Reached skill level 10 in Axes
  6971 | D:6      | Reached **** piety under Trog
  6977 | D:6      | Reached XP level 9. HP: 53/81 MP: 6/8
  7244 | D:6      | Noticed a two-headed ogre
  7252 | D:6      | Killed a two-headed ogre
  7253 | D:6      | Reached skill level 11 in Axes
  7628 | D:6      | Found a staircase to the Ecumenical Temple.
  7734 | D:7      | Reached skill level 12 in Axes
  8367 | D:7      | Reached XP level 10. HP: 87/91 MP: 7/9
  8718 | D:8      | Noticed Erica
  8722 | D:8      | Noticed Prince Ribbit
  8740 | D:8      | Killed Prince Ribbit
  8741 | D:8      | Reached skill level 13 in Axes
  8755 | D:8      | Killed Erica
  8977 | D:8      | Reached skill level 10 in Fighting
  9159 | D:8      | Noticed a two-headed ogre
  9170 | D:8      | Killed a two-headed ogre
  9171 | D:8      | Reached skill level 14 in Axes
  9171 | D:8      | Reached skill level 10 in Armour
  9175 | D:8      | Found a runed translucent door.
  9176 | D:8      | Noticed a red ugly thing
  9176 | D:8      | Noticed a centaur warrior
  9177 | D:8      | Noticed a cyclops
  9281 | D:8      | Killed a red ugly thing
  9284 | D:8      | Killed a cyclops
  9288 | D:8      | Killed a centaur warrior
  9289 | D:8      | Reached XP level 11. HP: 101/101 MP: 8/10
  9445 | D:8      | Noticed a two-headed ogre
  9450 | D:8      | Killed a two-headed ogre
 10144 | D:9      | Reached ***** piety under Trog
 10145 | D:9      | Reached skill level 15 in Axes
 10441 | D:9      | Found a staircase to the Lair.
 10774 | D:9      | Found a staircase to the Orcish Mines.
 11200 | D:10     | Entered Level 10 of the Dungeon
 11519 | D:10     | Reached skill level 16 in Axes
 11744 | D:10     | Noticed a two-headed ogre
 11750 | D:10     | Killed a two-headed ogre
 11871 | D:10     | Noticed a white ugly thing
 11883 | D:10     | Killed a white ugly thing
 12054 | D:10     | Noticed a tengu warrior
 12063 | D:10     | Killed a tengu warrior
 12067 | D:10     | Noticed a centaur warrior
 12072 | D:10     | Killed a centaur warrior
 12293 | D:10     | Noticed a five-headed hydra
 12301 | D:10     | Killed a one-headed hydra
 12302 | D:10     | Reached XP level 12. HP: 113/113 MP: 9/11
 12302 | D:10     | Noticed a war gargoyle
 12489 | D:10     | Noticed a centaur warrior
 12493 | D:10     | Killed a war gargoyle
 12496 | D:10     | Killed a centaur warrior
 12497 | D:10     | Reached skill level 17 in Axes
 12547 | D:10     | Identified the amulet "Meazyori" {Fly Regen+ Slay+2}
 12868 | D:11     | Noticed a death knight
 12875 | D:11     | Killed a death knight
 13400 | D:11     | Found Xaqev's Jewellery Boutique.
 13683 | D:12     | Noticed a two-headed ogre
 13693 | D:12     | Killed a two-headed ogre
 13879 | D:12     | Reached skill level 18 in Axes
 13897 | D:12     | Noticed a death knight
 13913 | D:12     | Killed a death knight
 13918 | D:12     | Found Duwidyt's Antique Weapon Shoppe.
 13996 | D:12     | Noticed a five-headed hydra
 14003 | D:12     | Killed a one-headed hydra
 14175 | D:12     | Noticed a tengu warrior
 14177 | D:12     | Noticed a tengu warrior
 14188 | D:12     | Killed a tengu warrior
 14193 | D:12     | Killed a tengu warrior
 14328 | D:12     | Identified 2 scrolls of acquirement
 14328 | D:12     | Acquired a +2 executioner's axe of electrocution
 14334 | D:12     | Acquired a manual of Armour
 14361 | D:13     | Reached XP level 13. HP: 123/123 MP: 12/12
 14392 | D:13     | Noticed Kirke
 14393 | D:13     | Received a gift from Trog
 14405 | D:13     | Killed Kirke
 14579 | D:13     | Reached skill level 19 in Axes
 15201 | D:13     | Noticed an ettin
 15208 | D:13     | Killed an ettin
 15420 | D:14     | Found a gate to the Vaults.
 15653 | D:13     | Reached skill level 15 in Armour
 15954 | D:14     | Reached skill level 20 in Axes
 16215 | D:14     | Noticed Azrael
 16238 | D:14     | Killed Azrael
 16404 | D:14     | Reached skill level 15 in Fighting
 16521 | D:14     | Reached XP level 14. HP: 120/135 MP: 13/13
 16623 | D:14     | Found an ornate altar of the Wu Jian Council.
 17008 | D:15     | Entered Level 15 of the Dungeon
 17077 | D:15     | Found a staircase to the Depths.
 17168 | D:15     | Reached ****** piety under Trog
 17174 | D:15     | Reached skill level 21 in Axes
 17260 | D:15     | Noticed Louise
 17266 | D:15     | Cast into level 3 of the Abyss (Louise)
 17366 | Abyss:3  | Noticed a starcursed mass
 17383 | Abyss:3  | Found a corrupted altar of Lugonu.
 17541 | Abyss:3  | Noticed a cyan very ugly thing
 17541 | Abyss:3  | Noticed a starcursed mass
 17548 | Abyss:3  | Noticed a starcursed mass
 17610 | Abyss:3  | Gained mutation: You have a pair of large horns on your
                  | head. [a neqoxec]
 17621 | Abyss:3  | Killed a cyan very ugly thing
 17637 | Abyss:3  | Lost intelligence.
 17652 | Abyss:3  | Paralysed by accursed screaming for 1 turns
 17656 | Abyss:3  | Noticed a dread lich
 17656 | Abyss:3  | Noticed a tentacled starspawn
 17657 | Abyss:3  | Paralysed by accursed screaming for 1 turns
 17658 | Abyss:3  | Noticed a tentacled starspawn
 17659 | Abyss:3  | Noticed a balrug
 17659 | Abyss:3  | HP: 6/135 [tentacled starspawn[an orange crystal statue]
                  | (14)]
 17660 | Abyss:3  | Mangled by a tentacled starspawn

Illustrated notes

Levels and vault maps discovered:
D:1:      minmay_arrival_shattered_statue, layout_basic
D:2:      layout_basic, grunt_ministairs_9
D:3:      layout_basic, shapermc_ecumenical_altar_starsandcircs
D:4:      minmay_recursive_quarters, layout_loops_ring, nicolae_zen_rock_garden
D:5:      layout_rooms, overflow_temple_1_default,
          eino_small_chamber_without_monster
D:6:      minmay_octagon_keep, layout_rooms,
          minmay_temple_entry_enclosed_plants, lemuel_old_faithful
D:7:      layout_cave_pools
D:8:      layout_loops_ring, wad_hexagon, uniq_erica, uniq_prince_ribbit1
D:9:      layout_roguey, minmay_lair_entry_grove, orc_0_dummy
D:10:     layout_basic, dk_noncrumbling_3, minmay_evil_grid
D:11:     layout_loops_ring, serial_shops, shop
D:12:     layout_rooms, serial_shops, nicolae_diamond_shop
D:13:     nzn_winding_woodlands_three_and_one
          [nzn_winding_woodlands_5x15_split_checker,
          nzn_winding_woodlands_5x15_garden, nzn_winding_woodlands_5x15_twine,
          nzn_winding_woodlands_center_diamonds], layout_loops_ring,
          onia_ninara_dug_in_and_dangerous, uniq_kirke
D:14:     layout_roguey, lightli_vaults_fourway_checkpoint, serial_glass,
          glass_columns_a, glass_columns_a, glass_columns_b, glass_columns_a,
          glass_columns_a, minmay_hedge_maze, nzn_wu_jian_council_hall,
          uniq_azrael
D:15:     gammafunk_depths_entry_grave, layout_rooms, serial_bayou,
          serial_bayou_lake_a, serial_bayou_crossing, serial_bayou_lagoon_b,
          serial_bayou_shore_a, serial_bayou_pond_b, serial_bayou_shore_b,
          minmay_three_doors, uniq_louise
Abyss:3:  base: D:12, doesnt_abyss_rune_brain_food,
          onia_ninara_dug_in_and_dangerous, doesnt_abyss_rune_brain_food,
          due_exit_kobolds, hangedman_abyss_rune_macabre_mess,
          evilmike_abyss_exit_15, patterned_corridor,
          hangedman_abyss_or_decor_jellyfish_corner,
          nicolae_abyss_rune_left_handed, doesnt_abyss_rune_brain_food,
          doesnt_abyss_rune_brain_food, evilmike_abyss_exit_glass

Skill      XL: |  1  2  3  4  5  6  7  8  9 10 11 12 13 14 |
---------------+-------------------------------------------+-----
Axes           | 4 5 6 7 8 10 12 14 16 18 20 21 | 21.0
Fighting       | 4 5 6 7 9 10 12 13 15 | 15.4
Armour         | 3 4 5 6 7 9 10 12 13 16 | 16.8
Dodging        | |  2.1

Action                   |  1- 3 |  4- 6 |  7- 9 | 10-12 | 13-15 || total
-------------------------+-------+-------+-------+-------+-------++-------
Melee: Hand axe          |   107 |   159 |    91 |    34 |       ||   391
       Headbutt          |    19 |    18 |    35 |    73 |    76 ||   221
       Punch             |     1 |       |     2 |       |     2 ||     5
       Battleaxe         |       |       |   114 |   364 |       ||   478
       Executioner's axe |       |       |       |     2 |   309 ||   311
       War axe           |       |       |       |       |    48 ||    48
       Unarmed           |       |       |       |       |     8 ||     8
Invok: Berserk           |       |     2 |     3 |     8 |     6 ||    19
Evoke: Wand              |       |       |     2 |       |       ||     2
  Use: Scroll            |       |       |       |    15 |     2 ||    17
       Potion            |       |       |       |       |     1 ||     1
Armor: Animal skin       |    11 |     2 |       |       |       ||    13
       Robe              |       |    22 |       |       |       ||    22
       Scale mail        |       |    20 |    36 |       |       ||    56
       Plate armour      |       |       |    78 |   190 |       ||   268
       Pearl dragon scal |       |       |       |    95 |   235 ||   330
Dodge: Dodged            |    62 |    84 |    89 |   187 |   169 ||   591
